 Dungeon Crawl Stone Soup version 0.29-a0-757-g358383bc75 (webtiles) character file.

Game seed: 1452642001159652584

107 xian the Digger (level 4, -4/33 HPs)
             Began as a Demonspawn Wanderer on June 30, 2022.
             Slain by a gnoll
             ... wielding a +0 spear
              (5 damage)
             ... on level 3 of the Dungeon.
             The game lasted 00:07:43 (3163 turns).

xian the Digger (Demonspawn Wanderer)               Turns: 3163, Time: 00:07:43

Health: -4/33      AC:  4    Str:  5    XL:     4   Next: 56%
Magic:  7/7        EV: 11    Int: 14    God:
Gold:   93         SH:  0    Dex: 17    Spells: 7/8 levels left

rFire   . . .      SeeInvis .   i - +2 dagger "Erihu" {drain, Contam rPois rC+++ Str-4}
rCold   + + +      Faith    .   (no shield)
rNeg    . . .      Spirit   .   c - +0 robe
rPois   +          Reflect  .   h - +1 helmet
rElec   .          Harm     .   (no cloak)
rCorr   .          Rampage  .   (no gloves)
Will    .....                   (no boots)
Stlth   ++........              (no amulet)
HPRegen 0.11/turn               (no ring)
MPRegen 0.10/turn               (no ring)

@: no status effects
A: powered by pain 2, demonic magic 1
a: no special abilities


You were on level 3 of the Dungeon.
You visited 1 branch of the dungeon, and saw 3 of its levels.

You collected 190 gold pieces.
You spent 97 gold pieces at shops.

Inventory:

Hand Weapons
 i - the +2 dagger "Erihu" (weapon) {drain, Contam rPois rC+++ Str-4}
   (You found it on level 3 of the Dungeon)

   A truly terrible weapon, it drains the life of any living foe it strikes.
   Str:       It affects your strength (-4).
   rC:        It renders you almost immune to cold.
   rPois:     It protects you from poison.
   Contam:    It causes magical contamination when unequipped.
Armour
 c - a +0 robe (worn)
 h - a +1 helmet (worn)
 l - a +0 plate armour
Scrolls
 a - a scroll of identify
 b - 2 scrolls of blinking
 e - a scroll of magic mapping
 f - 2 scrolls of fear
 g - 3 scrolls of teleportation
 o - a scroll of poison {unknown}
Potions
 d - a potion of magic
 j - 2 potions of heal wounds
 k - a potion of curing
 m - a potion of lignification {unknown}
 n - 2 potions of mutation {unknown}


   Skills:
 + Level 2.2 Fighting
 + Level 3.2 Short Blades
 + Level 0.4 Dodging
 + Level 0.7 Stealth
 + Level 2.5 Spellcasting
 + Level 3.8 Earth Magic


You had 7 spell levels left.
You knew the following spells:

 Your Spells              Type           Power      Damage    Failure   Level
a - Sandblast             Erth           24%        2d8       4%          1

Your spell library contained the following spells:

 Spells                   Type           Power      Damage    Failure   Level
 Passwall                 Tmut/Erth      5%         N/A       16%         2
 Beastly Appendage        Tmut           2%         N/A       22%         1
 Stone Arrow              Conj/Erth      14%        3d7       30%         3


Dungeon Overview and Level Annotations

Branches:
Dungeon (3/15)

Altars:

Shops:
D:2 :*(:

Annotations:
D:3 3 runed translucent doors, coolguy69's ghost, weakling VSMo


Innate Abilities, Weirdness & Mutations

You sometimes gain power by taking damage.
Spells you cast may paralyse adjacent enemies.


Message History

Natasha is moderately wounded.
Natasha claws you.
You hit Natasha but do no damage.
Natasha is moderately wounded.
Natasha stares at you and mumbles some strange words.
The magic dart hits you!
You hit Natasha.
Natasha is moderately wounded.
Natasha claws you!
* * * LOW HITPOINT WARNING * * *
You closely miss Natasha.
Natasha is moderately wounded.
You feel much better. Natasha claws you. The gnoll closely misses you.
The blast of sand hits Natasha.
Natasha is heavily wounded.
Malevolent energies surge around you.
Natasha suddenly stops moving!
The gnoll hits you from afar with a +0 spear!
The gnoll barely misses you.
The helpless Natasha fails to defend herself.
You puncture Natasha!
You kill Natasha!
Suddenly Natasha's spirit rises from her lifeless body.
The gnoll closely misses you.
The gnoll shouts!
The gnoll hits you but does no damage.
You see here the felid corpse of Natasha.
The blast of sand hits the gnoll.
The gnoll is moderately wounded.
Malevolent energies surge around you. The gnoll hits you with a +0 spear!
You focus on the pain.
You feel your power returning. The gnoll barely misses you.
You are too injured to fight recklessly!
You hit the gnoll but do no damage.
The gnoll is moderately wounded.
The gnoll hits you with a +0 club.
* * * LOW HITPOINT WARNING * * *
The gnoll hits you with a +0 spear.
* * * LOW HITPOINT WARNING * * *
The gnoll attacks as you move away! The gnoll hits you with a +0 spear.
You die...

.. #. #..#.# #.#.# #.#.#
####### ##.#.# #.....#
#..#P#.
#.....#####..#.#.
###.............#.#
#g@.....#####....#.
###g#.....# ###...#
#...####### ##...
#.......# #....
#..P...P..# ####.#..
#.PP..g.P.#######.##.#..
#.P.....5.##............
#.....................#.
#.......P..#.#........#.


You could see 3 gnolls.

Vanquished Creatures
  Natasha (twice) (D:3)
  An adder (D:3)
  2 dart slugs (D:1)
  3 bats
  6 endoplasms
  3 giant cockroaches
  4 hobgoblins
  4 jackals (D:2)
  6 kobolds
  2 quokkas (D:1)
  A ball python (D:2)
  A frilled lizard (D:2)
  2 goblins
  6 rats
43 creatures vanquished.

Vanquished Creatures (others)
  11 plants (D:3)
11 creatures vanquished.

Grand Total: 54 creatures vanquished

Notes
Turn   | Place    | Note
-------+----------+-------------------------------------------
     0 | D:1      | xian the Demonspawn Wanderer began the quest for the Orb.
     0 | D:1      | xian set off with the following items: a +1 short sword, a
                  | scroll of blinking, a +0 robe; and the following spell
                  | memorised: Sandblast; and the following spells available to
                  | memorise: Passwall, Stone Arrow.
     0 | D:1      | Reached XP level 1. HP: 16/16 MP: 3/3
   240 | D:1      | Gained mutation: You sometimes gain a little power by
                  | taking damage. [demonic ancestry]
   240 | D:1      | Reached XP level 2. HP: 22/22 MP: 5/5
  1518 | D:2      | Found Xegoixof's Weapon Emporium.
  1701 | D:2      | Gained mutation: Spells you cast may paralyse adjacent
                  | enemies. [demonic ancestry]
  1701 | D:2      | Reached XP level 3. HP: 27/27 MP: 2/6
  1857 | D:2      | Found Jacs's Book Boutique.
  1876 | D:2      | Found Gohiyc's Assorted Antiques.
  1883 | D:2      | Bought a scroll labelled RINKEZE CAOQ for 25 gold pieces
  1883 | D:2      | Bought a scroll labelled KIZESA VOYHYTY for 25 gold pieces
  1883 | D:2      | Bought a scroll labelled VOPSETHIAC for 25 gold pieces
  2260 | D:2      | Found Gecheppoih's Book Shop.
  2426 | D:2      | Bought a fuming clear potion for 22 gold pieces
  2510 | D:3      | Found a faded altar of an unknown god.
  2516 | D:3      | Got Plato's Grimoire of Transformation
  2537 | D:3      | Noticed Natasha
  2545 | D:3      | Killed Natasha
  2546 | D:3      | Gained mutation: You sometimes gain power by taking damage.
                  | [demonic ancestry]
  2546 | D:3      | Reached XP level 4. HP: 15/33 MP: 5/7
  2806 | D:3      | Identified the +2 dagger "Erihu" {drain, Contam rPois rC+++
                  | Str-4}
  3051 | D:3      | Found a runed translucent gate.
  3051 | D:3      | Found a runed translucent gate.
  3051 | D:3      | Noticed coolguy69's ghost (weakling VSMo)
  3052 | D:3      | Found a runed translucent gate.
  3137 | D:3      | Noticed Natasha
  3159 | D:3      | Killed Natasha
  3162 | D:3      | HP: 1/33 [gnoll/+0 spear (4)]
  3163 | D:3      | Slain by a gnoll

Illustrated notes

Levels and vault maps discovered:
D:1:      dpeg_arrival_more_subterranean_lakeside_camping, layout_basic,
          serial_curves, eino_curves_04, eino_curves_01, eino_curves_02
D:2:      layout_loops_ring, serial_shops, nicolae_shop_crystal, shop,
          nicolae_shop_behind_doors, shop
D:3:      layout_loops_ring, shapermc_ecumenical_altar_rom_forum,
          gammafunk_ghost_split, minivault_24, hangedman_decor_peaks_small,
          dreamdust_wishing_well, nicolae_grassy_gnolls, uniq_natasha

Skill      XL: |  1  2  3 |
---------------+----------+-----
Earth Magic    | 3 |  3.8
Short Blades   | 3 |  3.2
Fighting       | |  2.2
Dodging        | |  0.4
Stealth        | |  0.7
Spellcasting   | |  2.5

Action                   |  1- 3 |  4- 6 || total
-------------------------+-------+-------++-------
Melee: Short sword       |    55 |     3 ||    58
       Dagger            |       |    12 ||    12
 Cast: Sandblast         |    28 |     8 ||    36
  Use: Scroll            |    10 |     1 ||    11
       Potion            |       |     1 ||     1
 Stab: Sleeping          |     2 |       ||     2
       Paralysed         |       |     1 ||     1
Armor: Robe              |    11 |     4 ||    15
Dodge: Dodged            |    40 |    12 ||    52

Table legend: (Time is in decaauts)
 A = Elapsed time spent in this place.
 B = Non-inter-level travel time spent in this place.
 C = Inter-level travel time spent in this place.
 D = Time resting spent in this place.
 E = Time spent auto-exploring this place.
 F = Levels seen in this place.
 G = Mean time per level.
                   A        B        C        D        E       F      G
               +--------+--------+--------+--------+--------+-----+--------+
         Total |   3204 |   3127 |     77 |      0 |   2622 |   3 | 1068.0 |
       Dungeon |   3204 |   3127 |     77 |      0 |   2622 |   3 | 1068.0 |
               +--------+--------+--------+--------+--------+-----+--------+

Top non-repeatable levels by time:
     D:1: 1505 daAuts
     D:2: 967 daAuts
     D:3: 732 daAuts
